Map: King's Cove LE

Players

Kelazhur - Winner!

  • Race: Terran Terran
  • League: Diamond
  • Spawn Location: 11:00

Cham

  • Race: Zerg Zerg
  • League: Master
  • Spawn Location: 5:00

Event: 2019 WCS Winter Americas

VOD

Have the link to the VOD?

Description

Time

  • Played on: Feb. 2, 2019, 2:57 p.m.
  • Length: 14:58

All games in this series

Show
View Real Time Build Order
Export as new Build Order

Kelazhur Terran - Winner!

Build Orders: Mech 

Get SALT Encoding   

  12  0:00  SCV  
  13  0:13  SCV  
  14  0:18  Supply Depot  
  14  0:25  SCV  
  15  0:40  SCV  
  15  0:41  Barracks  
  16  0:45  Refinery  
  16  0:52  SCV  
  17  1:00  Barracks  
  17  1:04  SCV  
  18  1:16  SCV  
  19  1:21  Barracks  
  19  1:28  Reaper  
  20  1:39  Orbital Command  
  20  1:44  Refinery  
  20  1:48  Reaper  
  21  1:56  Supply Depot  
  21  2:05  Reaper  
  21  2:06  SCV  
  23  2:14  Supply Depot  
  23  2:17  Reaper  
  23  2:20  SCV  
  25  2:27  Reaper  
  26  2:32  SCV  
  27  2:37  Reaper  
  28  2:44  SCV  
  28  2:50  Reaper  
  30  2:52  Supply Depot  
  30  2:56  SCV  
  31  2:59  Reaper  
  32  3:08  SCV  
  32  3:10  Reaper  
  34  3:20  SCV  
  34  3:22  Reaper  
  34  3:26  Command Center  
  36  3:31  Reaper  
  36  3:32  SCV  
  38  3:42  Reaper  
  38  3:46  SCV  
  40  3:55  Factory  
  40  3:57  Reaper  
  40  3:59  SCV  
  41  4:08  Supply Depot  
  41  4:09  Reaper  
  42  4:21  SCV  
  43  4:27  Command Center  
  43  4:31  Marine x2  
  44  4:36  SCV, Bunker  
  44  4:38  Orbital Command  
  46  4:48  SCV  
  46  4:50  Factory Tech Lab  
  47  4:52  Starport  
  47  5:00  SCV  
  47  5:04  SCV  
  46  5:08  Siege Tank  
  46  5:13  SCV, Marine x3  
  53  5:16  SCV  
  54  5:25  SCV  
  54  5:28  SCV  
  56  5:36  Refinery x2  
  56  5:37  SCV  
  56  5:38  Marine x2  
  56  5:39  Marine  
  56  5:40  SCV, Orbital Command  
  61  5:48  Banshee, Cloaking Field  
  61  5:49  SCV  
  65  5:52  SCV, Factory Tech Lab  
  65  5:56  Marine  
  67  6:01  SCV  
  67  6:04  SCV  
  67  6:06  Orbital Command  
  69  6:12  Factory  
  69  6:13  SCV, Factory  
  69  6:16  SCV  
  70  6:23  Siege Tank  
  70  6:25  SCV  
  74  6:28  SCV  
  74  6:29  Refinery  
  74  6:31  Barracks Reactor  
  75  6:35  Banshee  
  75  6:36  SCV  
  75  6:37  SCV  
  75  6:38  Refinery  
  80  6:40  SCV  
  80  6:43  Supply Depot  
  80  6:45  Supply Depot  
  81  6:48  SCV  
  81  6:49  SCV  
  81  6:52  SCV  
  84  6:58  Factory Tech Lab  
  84  7:00  SCV  
  85  7:05  SCV x2  
  85  7:06  Supply Depot  
  87  7:11  Armory  
  87  7:12  SCV, Siege Tank  
  87  7:14  Hellion x2  
  95  7:17  SCV x2  
  95  7:18  Supply Depot  
  95  7:20  Banshee  
  95  7:22  Hyperflight Rotors  
  100  7:25  SCV  
  100  7:29  SCV x2  
  101  7:37  SCV, Siege Tank  
  102  7:38  Hellion x2  
  102  7:41  SCV x2  
  102  7:43  Factory  
  102  7:44  Factory  
  111  7:49  SCV  
  112  7:53  SCV x2  
  112  7:55  Command Center  
  112  7:56  Supply Depot  
  114  8:01  SCV  
  114  8:05  Hellion  
  117  8:06  Mag-Field Accelerator  
  117  8:18  SCV x3, Hellion x2  
  124  8:30  SCV, Factory Tech Lab  
  125  8:36  Terran Vehicle Weapons Level 1  
  125  8:37  Engineering Bay  
  125  8:38  SCV x2, Factory Reactor  
  125  8:39  Armory  
  123  8:43  Cyclone  
  123  8:45  SCV  
  117  8:50  SCV  
  117  8:54  Banshee  
  117  8:56  Cyclone x2  
  117  9:01  SCV x2  
  125  9:04  Supply Depot  
  125  9:06  SCV, Supply Depot  
  125  9:08  Hellion x2, Supply Depot  
  130  9:13  SCV x2  
  130  9:14  Infernal Pre-Igniter  
  132  9:19  SCV  
  132  9:23  Supply Depot  
  133  9:25  SCV, Missile Turret, Refinery  
  133  9:26  SCV  
  133  9:27  Refinery  
  133  9:30  Hellion x2, Cyclone x3  
  133  9:31  SCV, Hellion x8  
  153  9:32  Supply Depot x2  
  153  9:35  Planetary Fortress  
  153  9:37  SCV  
  154  9:40  Terran Vehicle And Ship Armor Level 1  
  154  9:41  Missile Turret  
  154  9:45  Banshee  
  157  9:53  Hellion x4  
  165  10:02  Hellion  
  167  10:09  Factory  
  167  10:10  Factory  
  167  10:11  Factory  
  167  10:13  Cyclone x2  
  173  10:16  Hellion x4  
  181  10:23  Cyclone  
  181  10:24  Supply Depot  
  178  10:33  Banshee  
  181  10:45  Cyclone  
  181  10:46  Hellion x4  
  181  10:48  Cyclone  
  191  10:55  Cyclone  
  194  11:02  Factory Reactor, Factory Tech Lab x2  
  194  11:03  Terran Vehicle Weapons Level 2  
  194  11:06  Supply Depot  
  194  11:07  Hellion  
  194  11:09  Hellion  
  195  11:11  Hellion  
  195  11:13  Hellion  
  195  11:15  Command Center  
  195  11:17  Cyclone  
  189  11:24  Cyclone x2  
  189  11:25  Cyclone  
  192  11:32  Cyclone  
  195  11:34  Hellion x2  
  194  11:43  Command Center  
  194  11:49  Cyclone  
  194  11:53  Hellion  
  181  11:56  Hellion x3, Cyclone, Banshee  
  181  11:57  Cyclone  
  178  12:02  Terran Vehicle And Ship Armor Level 2  
  178  12:15  Cyclone x2  
  163  12:16  Hellion x2  
  163  12:18  Hellion x2  
  163  12:19  Hellion x2  
  163  12:21  Cyclone  
  150  12:26  Planetary Fortress  
  150  12:28  Cyclone  
  150  12:29  Cyclone, Refinery  
  150  12:30  Sensor Tower  
  150  12:32  Refinery  
  150  12:37  Hellion  
  150  12:38  Hellion  
  150  12:39  Banshee  
  150  12:43  Hellion x2  
  150  12:44  Hellion x2  
  165  12:47  Cyclone  
  168  12:55  Cyclone  
  168  12:56  Planetary Fortress, Cyclone  
  174  12:59  Hellion  
  174  13:00  Hellion  
  174  13:01  Cyclone, Siege Tank  
  175  13:15  Hellion x4  
  175  13:19  Siege Tank  
  176  13:22  Banshee  
  175  13:28  Hellion x3  
  181  13:37  Cyclone  
  181  13:38  Hellion x3  
  181  13:39  Hellion  
  195  13:45  Siege Tank  
  198  13:59  Factory  
  198  14:01  Starport  
  195  14:03  Starport  
  195  14:05  Starport  
  192  14:24  Hellion, Cyclone x2  
  180  14:25  Cyclone  
  180  14:26  Cyclone  
  180  14:28  Hellion  
  180  14:29  Hellion x2  
  170  14:48  Starport Reactor x2  
  170  14:49  Starport Reactor  
Show
View Real Time Build Order
Export as new Build Order

Cham Zerg 

Build Orders: Hatch First 

Get SALT Encoding   

  12  0:01  Drone  
  13  0:08  Drone  
  14  0:18  Overlord  
  14  0:36  Drone x2  
  16  0:49  Hatchery  
  15  0:54  Drone  
  16  1:07  Spawning Pool  
  16  1:10  Drone  
  16  1:12  Extractor  
  16  1:15  Drone  
  16  1:20  Drone  
  17  1:26  Drone  
  18  1:36  Drone  
  19  1:55  Queen  
  19  1:59  Overlord  
  19  2:00  Queen  
  24  2:01  Zergling x4  
  24  2:05  Drone  
  26  2:11  Drone  
  27  2:27  Drone x2  
  28  2:38  Spore Crawler  
  28  2:43  Hatchery  
  27  2:52  Roach Warren  
  27  2:57  Queen  
  28  2:59  Drone x3  
  28  3:02  Zergling x2  
  28  3:04  Zergling x2  
  33  3:11  Overlord  
  32  3:28  Overlord  
  32  3:33  Roach x3  
  32  3:34  Roach  
  37  3:38  Roach  
  37  3:40  Roach  
  40  3:44  Roach  
  38  3:59  Extractor  
  37  4:04  Drone  
  37  4:05  Drone x2  
  41  4:12  Drone  
  41  4:13  Drone  
  42  4:21  Overlord  
  42  4:23  Drone  
  43  4:26  Ravager  
  43  4:29  Overlord  
  44  4:33  Drone x2  
  44  4:35  Drone x3  
  49  4:44  Ravager  
  50  4:47  Drone  
  50  4:48  Queen, Drone  
  54  4:53  Overlord  
  54  4:55  Ravager  
  54  4:59  Drone  
  56  5:02  Overlord  
  56  5:10  Overlord  
  56  5:12  Drone  
  56  5:13  Drone x4  
  61  5:22  Drone  
  61  5:23  Drone  
  63  5:33  Roach x4  
  71  5:45  Drone x2  
  71  5:47  Hatchery  
  71  5:48  Evolution Chamber  
  71  5:54  Evolution Chamber  
  71  5:55  Drone x3  
  73  5:59  Overlord, Extractor x2  
  73  6:00  Drone  
  72  6:04  Drone x2  
  72  6:06  Overlord  
  72  6:09  Drone  
  75  6:14  Zerg Missile Weapons Level 1  
  75  6:18  Lair  
  75  6:22  Overlord  
  75  6:25  Queen  
  75  6:31  Drone  
  75  6:32  Drone x2  
  80  6:34  Drone  
  80  6:35  Drone  
  82  6:41  Drone, Zerg Ground Armor Level 1  
  82  6:44  Drone  
  82  6:46  Overlord  
  84  6:50  Drone x2  
  84  6:51  Ravager  
  84  6:53  Roach  
  89  6:56  Roach  
  89  6:58  Roach  
  89  7:01  Roach  
  95  7:08  Roach x3  
  101  7:11  Roach  
  101  7:14  Queen  
  105  7:17  Extractor  
  105  7:18  Extractor  
  105  7:19  Roach  
  105  7:20  Infestation Pit  
  105  7:21  Roach  
  106  7:23  Glial Reconstitution  
  106  7:27  Roach  
  106  7:28  Roach  
  110  7:32  Roach x2  
  110  7:33  Drone  
  110  7:36  Overlord  
  115  7:39  Drone  
  115  7:42  Drone x3  
  119  7:45  Drone x2  
  121  7:53  Overseer  
  121  7:56  Spore Crawler  
  120  7:58  Overseer  
  120  8:00  Spore Crawler  
  120  8:04  Overlord  
  113  8:13  Drone x3  
  113  8:14  Drone x4  
  116  8:23  Drone x2  
  116  8:27  Drone  
  119  8:29  Drone x2  
  119  8:30  Drone x2  
  119  8:31  Drone  
  124  8:37  Drone  
  124  8:38  Drone  
  124  8:39  Overlord  
  126  8:43  Drone  
  121  8:49  Drone x3  
  121  8:50  Drone  
  121  8:53  Hive  
  112  9:04  Roach x3  
  112  9:05  Spore Crawler  
  112  9:06  Hatchery  
  112  9:09  Zerg Ground Armor Level 2  
  110  9:12  Overlord  
  110  9:16  Roach x2  
  111  9:17  Overlord  
  111  9:24  Zerg Missile Weapons Level 2  
  111  9:25  Drone x2  
  111  9:26  Drone  
  111  9:28  Drone  
  115  9:34  Drone x2  
  115  9:35  Drone x2  
  119  9:41  Ravager, Spire  
  119  9:42  Ravager x3  
  122  9:48  Drone x3  
  122  9:49  Overlord x3  
  125  9:54  Extractor  
  125  9:57  Roach x2  
  125  9:59  Extractor  
  127  10:02  Spore Crawler, Drone  
  127  10:03  Drone x2  
  127  10:04  Roach x2  
  127  10:05  Zergling x2  
  134  10:07  Viper  
  134  10:08  Viper  
  140  10:18  Roach x4, Zergling x2  
  140  10:20  Roach  
  140  10:21  Roach  
  153  10:27  Roach x4  
  159  10:34  Overlord  
  159  10:35  Roach  
  160  10:45  Roach  
  151  10:57  Greater Spire  
  151  11:01  Drone  
  151  11:02  Corruptor, Drone x2  
  151  11:03  Corruptor x5  
  165  11:09  Queen  
  165  11:13  Roach x3, Zergling x2  
  165  11:14  Metabolic Boost  
  165  11:16  Roach  
  162  11:19  Roach x2  
  162  11:22  Drone x3  
  165  11:30  Drone x3  
  165  11:31  Drone x2  
  167  11:45  Roach x10  
  177  11:52  Roach  
  171  11:55  Roach x4  
  157  12:01  Roach x3  
  157  12:02  Roach  
  157  12:07  Overlord  
  159  12:14  Roach x2  
  159  12:15  Roach x2  
  153  12:18  Roach x2  
  153  12:20  Roach  
  149  12:35  Hatchery  
  149  12:36  Zerg Flyer Weapons Level 1, Viper  
  149  12:37  Viper  
  148  12:42  Viper x2  
  154  12:45  Viper  
  154  12:47  Ravager x2  
  159  12:54  Ravager  
  159  12:57  Ravager  
  161  13:04  Roach x3  
  161  13:05  Roach, Zergling x2  
  170  13:07  Roach  
  170  13:12  Hatchery  
  150  13:22  Drone x6  
  150  13:23  Drone x4  
  160  13:32  Overseer  
  158  13:41  Drone x3  
  158  13:42  Drone  
  158  13:44  Drone x3  
  164  13:55  Ravager  
  164  13:56  Ravager x3, Drone x3  
  164  13:57  Drone x3  
  174  14:10  Hatchery  
  174  14:16  Roach  
  158  14:30  Roach x12  
  150  14:40  Hydralisk Den  
Tags
 
Add a new tag
Caveats
  • Supply blocks, unpowered buildings, or Contaminate may cause inaccurate times.
  • Supply counts are checked every 10 seconds.